 Dungeon Crawl Stone Soup version 0.21.1-1-g345015f (webtiles) character file.

3243 DskReedErrur the Geomancer (level 9, -5/45 HPs)
             Began as a Gargoyle Earth Elementalist on June 24, 2018.
             Was an Initiate of Vehumet.
             Slain by a two-headed ogre
             ... wielding a +0 giant spiked club
              (9 damage)
             ... on level 8 of the Dungeon on June 25, 2018.
             The game lasted 01:15:00 (8345 turns).

DskReedErrur the Geomancer (GrEE)                   Turns: 8345, Time: 01:15:10

Health: -5/45      AC: 16    Str: 11    XL:     9   Next: 99%
Magic:  9/21       EV: 12    Int: 20    God:    Vehumet [......]
Gold:   230        SH:  5    Dex: 10    Spells: 16/25 levels left

rFire    . . .     SeeInvis +   b - +0 blowgun
rCold    + . .     Gourm    .   (no shield)
rNeg     + . .     Faith    .   v - +2 robe {rC+}
rPois    ∞         Spirit   .   (no helmet)
rElec    +         Reflect  +   s - +2 cloak
rCorr    .         Harm     .   (no gloves)
MR       .....                  p - +2 pair of boots {run}
Stlth    ++........             x - +5 amulet of reflection
HPRegen  0.15/turn              m - ring of see invisible
MPRegen  0.17/turn              (no ring)

@: quick
A: negative energy resistance 1, electricity resistance, unbreathing,
petrification resistance, rot immunity, AC +6
a: Renounce Religion


You were on level 8 of the Dungeon.
You worshipped Vehumet.
Vehumet was noncommittal.
You were not hungry.

You visited 2 branches of the dungeon, and saw 10 of its levels.

You collected 621 gold pieces.
You spent 391 gold pieces at shops.

Inventory:

Hand Weapons
 b - a +0 blowgun (weapon)
 u - a +2 flail of protection
Missiles
 h - 33 poisoned needles (quivered)
 r - 149 stones
Armour
 c - a +1 robe
 p - a +2 pair of boots of running (worn)
 s - a +2 cloak (worn)
 v - a +2 robe of cold resistance (worn)
Jewellery
 m - a ring of see invisible (left hand)
 x - a +5 amulet of reflection (around neck)
 y - an uncursed amulet of guardian spirit {unknown}
Wands
 l - a wand of flame (48)
Scrolls
 a - a scroll of blinking {unknown}
 k - 4 scrolls of identify
 n - 2 scrolls of amnesia
 o - 3 scrolls of remove curse
 B - a scroll of brand weapon {unknown}
 C - a scroll of enchant weapon {unknown}
Potions
 f - 10 potions of curing
 g - 2 potions of might {unknown}
 i - 2 potions of degeneration {unknown}
 j - 2 potions of ambrosia {unknown}
 t - a potion of resistance {unknown}
 w - 2 potions of berserk rage {unknown}
 z - a potion of cancellation {unknown}
 A - a potion of flight {unknown}
 D - a potion of brilliance {unknown}
Books
 e - a book of Geomancy

   Spells                             Type                      Level
   a - Sandblast                      Earth                        1
   b - Passwall                       Transmutation/Earth          2
   c - Stone Arrow                    Conjuration/Earth            3
   d - Petrify                        Transmutation/Earth          4
   e - Lee's Rapid Deconstruction     Earth                        5
 q - a book of Air

   Spells                             Type                      Level
   a - Shock                          Conjuration/Air              1
   b - Swiftness                      Charms/Air                   2
   c - Static Discharge               Conjuration/Air              3
   d - Airstrike                      Air                          4
   e - Lightning Bolt                 Conjuration/Air              5
Comestibles
 d - 14 rations


   Skills:
 - Level 1.6 Dodging
 - Level 2.2 Stealth
 * Level 8.9 Spellcasting
 + Level 7.4 Conjurations
   Level 0.7 Transmutations
 + Level 9.3 Earth Magic


You had 16 spell levels left.
You knew the following spells:

 Your Spells              Type           Power        Failure   Level  Hunger
a - Sandblast             Erth           #####.       1%          1    None
b - Stone Arrow           Conj/Erth      #####.       1%          3    None
c - Lee's Rapid Deconstr  Erth           #####.....   4%          5    #####..


Dungeon Overview and Level Annotations

Branches:
Dungeon (9/15)             Temple (1/1) D:5
   Lair: D:8-11         Orc: D:9-12

Altars:
Ashenzari
Cheibriados
Dithmenos
Elyvilon
Fedhas
Gozag
Hepliaklqana
Kikubaaqudgha
Makhleb
Nemelex Xobeh
Okawaru
Qazlal
Ru
Sif Muna
Trog
Uskayaw
Vehumet
Wu Jian
Xom
Yredelemnul
Zin
The Shining One

Shops:
D:6 ([[


Innate Abilities, Weirdness & Mutations

You are resistant to torment.
Your stone body is resilient. (AC +6)
You are immune to poison.
You resist negative energy. (rN+)
You are resistant to electric shocks. (rElec)
You can survive without breathing.
You are immune to petrification.
You are immune to rotting.


Message History

Casting: Stone Arrow
Confirm with . or Enter, or press ? or * to list all spells.
Aiming: Stone Arrow
Press: ? - help, Shift-Dir - straight line, f/p - gnoll
Aim: a gnoll, wielding a spear The stone arrow hits the gnoll.
You kill the gnoll!
Vehumet accepts your kill.
You see here a halberd.
The gnoll sergeant barely misses you.
The gnoll sergeant hits you but does no damage.
There is a stone staircase leading up here.
The gnoll sergeant hits you but does no damage.
You climb upwards.
The two-headed ogre hits you with a giant spiked club!!
The two-headed ogre hits you with a giant spiked club.
The two-headed ogre hits you with a giant spiked club!
* * * LOW HITPOINT WARNING * * *
The two-headed ogre hits you with a giant spiked club!
You die...

..# #.# #.# #.#
..#. #.#
.....####.######
#†.........#
##......O...#
...........@..#
..O##..........#
.. #..........#
# ############


You could see a two-headed ogre.

Vanquished Creatures
  An ugly thing (D:8)
  A troll (D:7)
  Duvessa (D:5)
  3 sky beasts
  An eye of draining (D:7)
  3 phantoms
  2 ice beasts
  An ogre (D:7)
  2 centaurs
  A big kobold (D:8)
  2 bullfrogs
  3 scorpions
  Dowan (D:5)
  3 wights (D:7)
  2 howler monkeys
  2 crimson imps
  2 centaur zombies
  A bullfrog zombie (D:5)
  2 orc priests (D:6)
  A jelly (D:8)
  An iguana (D:4)
  10 worker ants
  6 gnolls
  9 adders
  A shadow imp (D:8)
  2 oozes
  3 adder skeletons
  2 worms (D:2)
  6 dart slugs
  4 leopard geckos
  14 orcs
  9 bats
  2 bat zombies (D:2)
  2 giant cockroaches
  7 goblins
  10 hobgoblins
  11 kobolds
  5 quokkas
  2 frilled lizards
  A quokka skeleton (D:6)
  A quokka zombie (D:6)
  6 rats
  2 rat zombies (D:2)
151 creatures vanquished.

Vanquished Creatures (others)
  A centaur (D:7)
  2 fungi (D:8)
3 creatures vanquished.

Grand Total: 154 creatures vanquished

Notes
Turn   | Place    | Note
-------+----------+-------------------------------------------
     0 | D:1      | DskReedErrur the Gargoyle Earth Elementalist began the quest for the Orb.
     0 | D:1      | Reached XP level 1. HP: 10/10 MP: 3/3
     8 | D:1      | Noticed a crocodile
     8 | D:1      | Noticed a black bear
     8 | D:1      | Noticed a swamp drake
    26 | D:1      | Reached XP level 2. HP: 8/15 MP: 0/5
   178 | D:1      | Reached skill level 4 in Earth Magic
   405 | D:1      | Reached XP level 3. HP: 19/19 MP: 3/6
  1104 | D:2      | Reached XP level 4. HP: 7/24 MP: 0/8
  1428 | D:2      | Learned a level 3 spell: Stone Arrow
  1463 | D:2      | Found an ancient bone altar of Kikubaaqudgha.
  1579 | D:2      | Found a faded altar of an unknown god.
  1827 | D:2      | Reached skill level 1 in Conjurations
  1827 | D:2      | Reached skill level 5 in Earth Magic
  2254 | D:3      | Found an opulent altar of Gozag.
  2494 | D:3      | Reached XP level 5. HP: 28/28 MP: 2/9
  2601 | D:3      | Found a glowing golden altar of the Shining One.
  3087 | D:3      | Found an ornate altar of the Wu Jian Council.
  3476 | D:4      | Found an opulent altar of Gozag.
  3538 | D:4      | Noticed a phantom
  3556 | D:4      | Killed a phantom
  3556 | D:4      | Reached XP level 6. HP: 32/32 MP: 1/11
  4300 | D:5      | Entered Level 5 of the Dungeon
  4424 | D:5      | Reached skill level 6 in Earth Magic
  4424 | D:5      | Reached XP level 7. HP: 36/36 MP: 8/13
  4637 | D:5      | Reached skill level 5 in Spellcasting
  4838 | D:5      | Found a shadowy altar of Dithmenos.
  4880 | D:5      | Reached XP level 8. HP: 41/41 MP: 8/16
  5017 | D:5      | Noticed Dowan
  5134 | D:6      | Found Waahiran's Antique Armour Emporium.
  5144 | D:6      | Bought a pair of embroidered boots for 157 gold pieces
  5144 | D:6      | Bought an embroidered cloak for 157 gold pieces
  5144 | D:6      | Bought a runed robe for 77 gold pieces
  5149 | D:6      | Identified a +2 pair of boots of running (You bought it in a shop on level 6 of the Dungeon)
  5191 | D:6      | Found Figy's Antique Weapon Shop.
  5204 | D:6      | Reached skill level 7 in Earth Magic
  5311 | D:6      | Found Ocyxor's Armour Boutique.
  5326 | D:6      | Reached skill level 5 in Conjurations
  6546 | D:6      | Learned a level 5 spell: Lee's Rapid Deconstruction
  6606 | D:5      | Noticed Duvessa
  6607 | D:5      | Killed Dowan
  6696 | D:5      | Killed Duvessa
  6696 | D:5      | Reached skill level 8 in Earth Magic
  6696 | D:5      | Reached XP level 9. HP: 45/45 MP: 10/19
  6787 | D:5      | Found a staircase to the Ecumenical Temple.
  6796 | Temple   | Entered the Ecumenical Temple
  7019 | Temple   | Became a worshipper of Vehumet
  7138 | D:7      | Noticed a troll
  7146 | D:7      | Killed a troll
  7314 | D:7      | Found a sacrificial altar of Ru.
  7319 | D:7      | Found a stormy altar of Qazlal.
  8103 | D:8      | Noticed a two-headed ogre
  8105 | D:8      | You fall through a shaft!
  8155 | D:8      | Noticed a green ugly thing
  8163 | D:8      | Killed a green ugly thing
  8163 | D:8      | Reached skill level 9 in Earth Magic
  8247 | D:8      | Noticed a two-headed ogre
  8333 | D:9      | Noticed a two-headed ogre
  8345 | D:8      | Slain by a two-headed ogre

Skill      XL: |  1  2  3  4  5  6  7  8  9 |
---------------+----------------------------+-----
Earth Magic    | 4 5 6 8 9 |  9.3
Spellcasting   | 3 4 5 7 8 |  8.9
Conjurations   | 1 3 4 6 7 |  7.4
Dodging        | |  1.6
Stealth        | |  2.2
Transmutations | |  0.7

Action                   |  1- 3 |  4- 6 |  7- 9 || total
-------------------------+-------+-------+-------++-------
Melee: Dagger            |    33 |    13 |       ||    46
 Fire: Blowgun           |       |    10 |     6 ||    16
 Cast: Sandblast         |    35 |    65 |    87 ||   187
       Stone Arrow       |       |    22 |    56 ||    78
       Lee's Rapid Decon |       |       |    14 ||    14
  Use: Scroll            |       |     6 |     3 ||     9
 Stab: Sleeping          |     2 |       |       ||     2
  Eat: Chunk             |     1 |    11 |     9 ||    21
       Ration            |       |       |     3 ||     3
Armor: Robe              |    14 |    12 |    19 ||    45
Dodge: Dodged            |    37 |    32 |    24 ||    93
Block: Other             |       |       |     7 ||     7
       Reflection        |       |       |     1 ||     1
